 Dungeon Crawl Stone Soup version 0.29.1-12-g30fa7ad0bf (webtiles) character file.

Game seed: 3573104651290080076

322 Oxelix the Slasher (level 6, -5/51 HPs)
             Began as a Draconian Monk on Jan 3, 2023.
             Slain by Edmund
             ... wielding a +1 flail of holy wrath
              (9 damage)
             ... on level 4 of the Dungeon.
             The game lasted 00:12:58 (4221 turns).

Oxelix the Slasher (Draconian Monk)                 Turns: 4221, Time: 00:12:59

Health: -5/51      AC:  6    Str: 15    XL:     6   Next: 22%
Magic:  0/7        EV: 12    Int: 11    God:
Gold:   193        SH:  0    Dex: 13    Spells: 6/7 levels left

rFire   + . .      SeeInvis .   a - +0 falchion
rCold   x . .      Faith    .   (no shield)
rNeg    . . .      Spirit   +   (body armour unavailable)
rPois   .          Reflect  .   (helmet restricted)
rElec   .          Harm     .   m - scarf {repulsion}
rCorr   +          Rampage  .   (no gloves)
Will    .....                   (no boots)
Stlth   ++........              e - amulet of guardian spirit
HPRegen 0.17/turn               g - ring of fire
MPRegen 0.10/turn               r - ring of resist corrosion

@: attractive, repel missiles
A: AC +6, unfitting armour, cold-blooded
a: no special abilities


You were on level 4 of the Dungeon.
You visited 1 branch of the dungeon, and saw 5 of its levels.

You collected 204 gold pieces.
You spent 11 gold pieces at shops.

Inventory:

Hand Weapons
 a - a +0 falchion (weapon)
Armour
 m - a scarf of repulsion (worn)
 o - an orb of guile
Magical Staves
 c - a staff of fire
Jewellery
 e - an amulet of guardian spirit (around neck)
 g - a ring of fire (left hand)
 r - a ring of resist corrosion (right hand)
Wands
 b - a wand of charming (6)
Scrolls
 d - 4 scrolls of identify {unknown}
 f - a scroll of acquirement {unknown}
 h - a scroll of brand weapon {unknown}
 k - 3 scrolls of poison {unknown}
 n - a scroll of magic mapping {unknown}
 p - a scroll of teleportation {unknown}
 q - a scroll of blinking {unknown}
Potions
 l - 2 potions of curing {unknown}


   Skills:
 - Level 3.2 Fighting
 * Level 6.0 Long Blades
 - Level 2.6 Dodging
 - Level 1.7 Stealth
 + Level 1.0 Spellcasting
 - Level 3.1 Conjurations


You had 6 spell levels left.
You knew the following spells:

 Your Spells              Type           Power      Damage    Failure   Level
a - Freeze                Ice            0%         1d3       32%         1

Your spell library contained the following spells:

 Spells                   Type           Power      Damage    Failure   Level
 Apportation              Tloc           0%         N/A       32%         1
 Necrotise                Necr           0%         1d4       32%         1
 Summon Small Mammal      Summ           0%         N/A       32%         1
 Frozen Ramparts          Ice            0%         1d1       67%         3
 Hailstorm                Conj/Ice       4%         3d4       86%         4
 Iskenderun's Battlesphe  Conj           7%         2d6       94%         5
 Fireball                 Conj/Fire      3%         3d4       99%         5
 Conjure Ball Lightning   Conj/Air       2%         3x3d6     100%        6
 Orb of Destruction       Conj           3%         9d5       100%        7


Dungeon Overview and Level Annotations

Branches:
Dungeon (5/15)
 Temple: D:4-7

Altars:

Shops:
D:2 !(

Annotations:
D:4 Edmund


Innate Abilities, Weirdness & Mutations

Your plain brown scales are hard. (AC +6)
You cannot fit into any form of body armour.
You are cold-blooded and may be slowed by cold attacks.


Message History

You hit Edmund. You tail-slap Edmund, but do no damage.
Edmund is heavily wounded.
Edmund hits you with a +1 flail of holy wrath.
You barely miss Edmund.
Edmund is heavily wounded.
Edmund barely misses you.
You hit Edmund but do no damage.
Edmund is heavily wounded.
Edmund mutters, "Who needs spells, anyway?"
Edmund hits you with a +1 flail of holy wrath.
Casting: Freeze (safe; 32% risk of failure)
Confirm with . or Enter, or press ? or * to list all spells.
Aiming: Freeze (safe; 32% risk of failure)
Press: ? - help, Shift-Dir - straight line, f/p - Edmund
Aim: Edmund, wielding a +1 flail of holy wrath and wearing a +0 chain mail (heavily wounded)
You freeze Edmund.
Edmund is heavily wounded.
Edmund hits you with a +1 flail of holy wrath!
You hit Edmund but do no damage.
Edmund is heavily wounded.
Edmund barely misses you.
You hit Edmund. You tail-slap Edmund, but do no damage.
Edmund is heavily wounded.
Edmund hits you with a +1 flail of holy wrath.
You hit Edmund but do no damage. You tail-slap Edmund, but do no damage.
Edmund is heavily wounded.
Edmund hits you with a +1 flail of holy wrath.
* * * LOW HITPOINT WARNING * * *
You hit Edmund but do no damage.
Edmund is heavily wounded.
Edmund hits you with a +1 flail of holy wrath.
* * * LOW HITPOINT WARNING * * *
You closely miss Edmund.
Edmund is heavily wounded.
Edmund hits you with a +1 flail of holy wrath!
* * * LOW HITPOINT WARNING * * *
You hit Edmund but do no damage.
Edmund is heavily wounded.
Edmund hits you with a +1 flail of holy wrath!
You die...

#####...#
##..#
##..## #..#
#...# ##..#
##..##
#...# #...#
#...#
##..##
######...#
#..##
##...<....#
##..#
#..........
#.@##
#..........
#.@#
#..........
#..##
#..........
#..
#..........
..#
#..........
#..
##.........
..#
#.........
#..
#.........
##........


You could see Edmund.

Vanquished Creatures
  A bullfrog (D:5)
  A necrophage (D:4)
  An iguana (D:4)
  Ijyb (D:3)
  3 gnolls
  2 adders (D:5)
  2 worms
  2 dart slugs
  6 orcs
  9 ball pythons
  5 endoplasms
  5 giant cockroaches
  3 goblins
  7 hobgoblins
  17 jackals
  6 kobolds
  2 quokkas
  3 bats (D:1)
  6 frilled lizards
  A rat (D:1)
83 creatures vanquished.

Notes
Turn   | Place    | Note
-------+----------+-------------------------------------------
     0 | D:1      | Oxelix the Draconian Monk began the quest for the Orb.
     0 | D:1      | Reached XP level 1. HP: 19/19 MP: 1/1
   146 | D:1      | Reached XP level 2. HP: 18/26 MP: 2/2
   434 | D:1      | Reached skill level 4 in Long Blades
   729 | D:1      | Reached XP level 3. HP: 31/31 MP: 3/3
  1460 | D:2      | Found Bih Rub's Distillery.
  1548 | D:2      | Bought a potion of degeneration for 11 gold pieces
  1614 | D:2      | Found Gefotaq's Weapon Emporium.
  1852 | D:2      | Reached skill level 1 in Conjurations
  2264 | D:3      | Noticed Ijyb
  2267 | D:3      | HP: 1/31 [Ijyb/+0 club (1)]
  2279 | D:3      | Killed Ijyb
  2280 | D:3      | Reached XP level 4. HP: 16/38 MP: 4/4
  3014 | D:3      | Reached skill level 5 in Long Blades
  3165 | D:3      | You fall into a shaft and drop 2 floors!
  3165 | D:5      | Entered Level 5 of the Dungeon
  3187 | D:5      | Reached XP level 5. HP: 34/45 MP: 3/5
  3903 | D:4      | Reached XP level 6. HP: 41/51 MP: 3/7
  4014 | D:4      | Reached skill level 1 in Spellcasting
  4128 | D:4      | Reached skill level 6 in Long Blades
  4160 | D:4      | Noticed Edmund
  4167 | D:4      | Learned a level 1 spell: Freeze
  4221 | D:4      | Slain by Edmund

Illustrated notes

Levels and vault maps discovered:
D:1:      nagdon_arrival_zigzag_paths, layout_basic, minmay_stone_trees_large,
          minmay_ruptured
D:2:      layout_basic, serial_shops, nicolae_shop_crystal, nicolae_diamond_shop
D:3:      layout_loops_corners, ebering_ecumenical_altar_petrified,
          serial_park_tiny_pond, kennysheep_decorative_pillar,
          chequers_serial_rivers_micro_e, goddamned_bats, uniq_ijyb
D:4:      layout_cave_pods, mainiacjoe_overflow_paths, dreamdust_wishing_well,
          uniq_edmund
D:5:      layout_rooms

Skill      XL: |  1  2  3  4  5  6 |
---------------+-------------------+-----
Long Blades    | 4 5 6 |  6.0
Conjurations   | 1 2 3 |  3.1
Spellcasting   | 1 |  1.0
Fighting       | |  3.2
Dodging        | |  2.6
Stealth        | |  1.7

Action                   |  1- 3 |  4- 6 || total
-------------------------+-------+-------++-------
Melee: Falchion          |   171 |   186 ||   357
       Tailslap          |    18 |    34 ||    52
 Cast: Freeze            |       |     3 ||     3
  Use: Potion            |     1 |     4 ||     5
 Stab: Sleeping          |     8 |     2 ||    10
Armor: Skin              |    63 |    64 ||   127
Dodge: Dodged            |   131 |   128 ||   259
